| TOP OF THE 1ST |
|
Elmira Pioneers batting - Pitching for Manchester Fisher Cats : RHP Mitch Cook
|
|
Pitching: RHP Mitch Cook
|
|
|
Batting: RHB Ken Dowell
|
0-0: Ball 1-0: Ball 2-0: Ball 3-0: Base on Balls
|
|
Batting: RHB Ron Stinnett
|
0-0: Foul Ball, location: 2F 0-1: Ball 1-1: Ball 2-1: Swinging Strike 2-2: Strikes out swinging
|
|
Batting: RHB Richard Givens
|
0-0: Ball 1-0: Ball 2-0: 2-RUN HOME RUN (Flyball, 7D, EV 101.3 MPH), Distance : 384 ft
|
|
Batting: LHB Juan Flores
|
0-0: Ball 1-0: Called Strike 1-1: SINGLE (Groundball, 25, EV 70.6 MPH) (infield hit)
|
|
Batting: RHB Edwin Rodriguez
|
0-0: Called Strike 0-1: Called Strike 0-2: Ball 1-2: Strikes out swinging
|
|
Batting: SHB Esteban Mendez
|
0-0: Ground out U3 (Groundball, 3, EV 99.4 MPH)
|
| Top of the 1st over - 2 runs, 2 hits, 0 errors, 1 left on base; Elmira 2 - Manchester 0 |
| BOTTOM OF THE 1ST |
|
Manchester Fisher Cats batting - Pitching for Elmira Pioneers : LHP Ricky Wright
|
|
Pitching: LHP Ricky Wright
|
|
|
Batting: RHB Kevin Darst
|
0-0: Swinging Strike 0-1: Foul Ball, location: 2F 0-2: Ball 1-2: Ball 2-2: Strikes out looking
|
|
Batting: LHB Tim Derryberry
|
0-0: Ball 1-0: Foul Ball, location: 2F 1-1: Called Strike 1-2: Foul Ball, location: 2F 1-2: Fly out, F8 (Flyball, 8LD, EV 95.0 MPH)
|
|
Batting: SHB Stan Javier
|
0-0: Ground out 5-3 (Groundball, 56, EV 94.4 MPH)
|
| Bottom of the 1st over - 0 runs, 0 hits, 0 errors, 0 left on base; Elmira 2 - Manchester 0 |
| TOP OF THE 2ND |
|
Elmira Pioneers batting - Pitching for Manchester Fisher Cats : RHP Mitch Cook
|
|
Batting: LHB German Barranca
|
0-0: Ball 1-0: Ball 2-0: Swinging Strike 2-1: Ball 3-1: Foul Ball, location: 2F 3-2: Base on Balls
|
|
Batting: RHB Curtis Cannedy
|
0-0: Foul Ball, location: 2F 0-1: Ball 1-1: Grounds into double play, 6-4-3 (Groundball, 6, EV 100.0 MPH)
|
|
Batting: RHB Larry Owen
|
0-0: Called Strike 0-1: Swinging Strike 0-2: Fly out, F9 (Flyball, 9D, EV 104.4 MPH)
|
| Top of the 2nd over - 0 runs, 0 hits, 0 errors, 0 left on base; Elmira 2 - Manchester 0 |
| BOTTOM OF THE 2ND |
|
Manchester Fisher Cats batting - Pitching for Elmira Pioneers : LHP Ricky Wright
|
|
Batting: LHB Carlos Cabassa
|
0-0: Called Strike 0-1: Ball 1-1: Ball 2-1: Called Strike 2-2: Foul Ball, location: 2F 2-2: Strikes out looking
|
|
Batting: LHB Mel Hall
|
0-0: Ball 1-0: Ball 2-0: Ball 3-0: Base on Balls
|
|
Batting: LHB Herbert Orensky
|
0-0: Ball 1-0: Ball 2-0: Swinging Strike 2-1: Ball 3-1: Called Strike 3-2: Fly out, F6 (Line Drive, 6, EV 67.5 MPH)
|
|
Batting: RHB Tony Stevens
|
0-0: Ball 1-0: Ball 2-0: Called Strike 2-1: Foul Ball, location: 2F 2-2: Ball 3-2: Base on Balls Mel Hall to second
|
|
Batting: RHB Randy Johnson
|
0-0: Ground out 4-3 (Groundball, 4, EV 102.5 MPH)
|
| Bottom of the 2nd over - 0 runs, 0 hits, 0 errors, 2 left on base; Elmira 2 - Manchester 0 |
| TOP OF THE 3RD |
|
Elmira Pioneers batting - Pitching for Manchester Fisher Cats : RHP Mitch Cook
|
|
Batting: RHB Ken Dowell
|
0-0: Called Strike 0-1: SINGLE (Groundball, 6MD, EV 100.0 MPH)
|
|
Batting: RHB Ron Stinnett
|
0-0: Ball 1-0: Ball 2-0: Fly out, F8 (Flyball, 8LM, EV 81.3 MPH)
|
|
Batting: RHB Richard Givens
|
0-0: Called Strike 0-1: Called Strike 0-2: Fly out, F7 (Flyball, 7S, EV 85.6 MPH)
|
|
Batting: LHB Juan Flores
|
0-0: Ground out U3 (Groundball, 3, EV 81.9 MPH)
|
| Top of the 3rd over - 0 runs, 1 hit, 0 errors, 1 left on base; Elmira 2 - Manchester 0 |
| BOTTOM OF THE 3RD |
|
Manchester Fisher Cats batting - Pitching for Elmira Pioneers : LHP Ricky Wright
|
|
Batting: RHB Reymundo Estevez
|
0-0: Fly out, F8 (Flyball, 8RS, EV 88.1 MPH)
|
|
Batting: RHB Kevin Darst
|
0-0: Ball 1-0: Ball 2-0: Swinging Strike 2-1: Foul Ball, location: 2F 2-2: Foul Ball, location: 2F 2-2: Strikes out swinging
|
|
Batting: LHB Tim Derryberry
|
0-0: Ball 1-0: Ball 2-0: Foul Ball, location: 2F 2-1: Ball 3-1: Foul Ball, location: 2F 3-2: Foul Ball, location: 2F 3-2: Foul Ball, location: 2F 3-2: Base on Balls
|
|
Batting: SHB Stan Javier
|
0-0: Ball 1-0: Ball 2-0: Foul Ball, location: 2F 2-1: Ball 3-1: Foul Ball, location: 2F 3-2: SINGLE (Line Drive, 8LS, EV 93.8 MPH) Tim Derryberry to second Tim Derryberry to third
|
|
Batting: LHB Carlos Cabassa
|
0-0: Ball 1-0: Ball 2-0: Swinging Strike 2-1: Ball 3-1: Base on Balls Stan Javier to second
|
|
Batting: LHB Mel Hall
|
0-0: SINGLE (Line Drive, 9S, EV 106.9 MPH) Tim Derryberry scores Stan Javier to third Carlos Cabassa to second Runner from 3rd tries for Home, SAFE, throw by RF to home
|
|
Batting: LHB Herbert Orensky
|
0-0: Called Strike 0-1: Fly out, F4 (Popup, 34S, EV 84.4 MPH)
|
| Bottom of the 3rd over - 2 runs, 2 hits, 0 errors, 2 left on base; Elmira 2 - Manchester 2 |
| TOP OF THE 4TH |
|
Elmira Pioneers batting - Pitching for Manchester Fisher Cats : RHP Mitch Cook
|
|
Batting: RHB Edwin Rodriguez
|
0-0: Called Strike 0-1: Swinging Strike 0-2: Ball 1-2: Foul Ball, location: 2F 1-2: Strikes out looking
|
|
Batting: SHB Esteban Mendez
|
0-0: Ball 1-0: Ball 2-0: Foul Ball, location: 2F 2-1: Foul Ball, location: 2F 2-2: Ball 3-2: Ground out 1-3 (Groundball, 15S, EV 69.4 MPH)
|
|
Batting: LHB German Barranca
|
0-0: Swinging Strike 0-1: Ball 1-1: Called Strike 1-2: Strikes out swinging
|
| Top of the 4th over - 0 runs, 0 hits, 0 errors, 0 left on base; Elmira 2 - Manchester 2 |
| BOTTOM OF THE 4TH |
|
Manchester Fisher Cats batting - Pitching for Elmira Pioneers : LHP Ricky Wright
|
|
Batting: RHB Tony Stevens
|
0-0: Foul Ball, location: 2F 0-1: Ball 1-1: Called Strike 1-2: Ball 2-2: Ball 3-2: Base on Balls
|
|
Batting: RHB Randy Johnson
|
0-0: Foul Ball, location: 2F 0-1: Swinging Strike 0-2: Ground out 5-3 (Groundball, 5S, EV 70.6 MPH) Tony Stevens to second
|
|
Batting: RHB Reymundo Estevez
|
0-0: Called Strike 0-1: TRIPLE (Flyball, 89XD, EV 111.3 MPH) Tony Stevens scores
|
|
Batting: RHB Kevin Darst
|
0-0: Ball 1-0: Swinging Strike 1-1: Swinging Strike 1-2: Strikes out swinging
|
|
Batting: LHB Tim Derryberry
|
0-0: Called Strike 0-1: Called Strike 0-2: Ball 1-2: Ball 2-2: Foul Ball, location: 2F 2-2: Foul Ball, location: 2F 2-2: Fly out, F7 (Flyball, 78XD, EV 105.0 MPH)
|
| Bottom of the 4th over - 1 run, 1 hit, 0 errors, 1 left on base; Elmira 2 - Manchester 3 |
| TOP OF THE 5TH |
|
Elmira Pioneers batting - Pitching for Manchester Fisher Cats : RHP Mitch Cook
|
|
Batting: RHB Curtis Cannedy
|
0-0: Ball 1-0: Ball 2-0: Swinging Strike 2-1: Foul Ball, location: 2F 2-2: Ball 3-2: Base on Balls
|
|
Batting: RHB Larry Owen
|
0-0: Ball 1-0: Bunt missed! 1-1: Sac Bunt to P - play at first, batter OUT! 1-4 Curtis Cannedy to second
|
|
Batting: RHB Ken Dowell
|
0-0: Foul Ball, location: 2F 0-1: Called Strike 0-2: Strikes out swinging
|
|
Batting: RHB Ron Stinnett
|
0-0: Ball 1-0: Ball 2-0: Called Strike 2-1: Foul Ball, location: 2F 2-2: Strikes out looking
|
| Top of the 5th over - 0 runs, 0 hits, 0 errors, 1 left on base; Elmira 2 - Manchester 3 |
| BOTTOM OF THE 5TH |
|
Manchester Fisher Cats batting - Pitching for Elmira Pioneers : LHP Ricky Wright
|
|
Batting: SHB Stan Javier
|
0-0: Ball 1-0: Ball 2-0: Swinging Strike 2-1: Ball 3-1: SINGLE (Line Drive, 89M, EV 88.8 MPH)
|
|
Batting: LHB Carlos Cabassa
|
0-0: Ball 1-0: Called Strike 1-1: Swinging Strike 1-2: Ball 2-2: Foul Ball, location: 2F 2-2: Strikes out looking
|
|
Batting: LHB Mel Hall
|
0-0: Foul Ball, location: 2F 0-1: Called Strike 0-2: Ball 1-2: Strikes out swinging
|
|
Batting: LHB Herbert Orensky
|
0-0: Called Strike 0-1: Called Strike 0-2: Ball 1-2: Fly out, F5 (Flyball, 5D, EV 90.6 MPH)
|
| Bottom of the 5th over - 0 runs, 1 hit, 0 errors, 1 left on base; Elmira 2 - Manchester 3 |
| TOP OF THE 6TH |
|
Elmira Pioneers batting - Pitching for Manchester Fisher Cats : RHP Mitch Cook
|
|
Batting: RHB Richard Givens
|
0-0: Called Strike 0-1: Swinging Strike 0-2: Foul Ball, location: 2F 0-2: Ball 1-2: Ball 2-2: SINGLE (Line Drive, 8RS, EV 87.5 MPH)
|
|
Batting: LHB Juan Flores
|
0-0: Called Strike 0-1: Ball 1-1: Ball 2-1: Foul Ball, location: 2F 2-2: Foul Ball, location: 2F 2-2: Strikes out swinging
|
|
Batting: RHB Edwin Rodriguez
|
Pickoff Throw to First - Out! 1-3 0-0: Called Strike 0-1: Foul Ball, location: 2F 0-2: Strikes out swinging
|
| Top of the 6th over - 0 runs, 1 hit, 0 errors, 0 left on base; Elmira 2 - Manchester 3 |
| BOTTOM OF THE 6TH |
|
Manchester Fisher Cats batting - Pitching for Elmira Pioneers : LHP Ricky Wright
|
|
Batting: RHB Tony Stevens
|
0-0: Ball 1-0: Called Strike 1-1: Foul Ball, location: 2F 1-2: Foul Ball, location: 2F 1-2: Foul Ball, location: 2F 1-2: Ground out U3 (Groundball, 34S, EV 85.6 MPH)
|
|
Batting: RHB Randy Johnson
|
0-0: Ball 1-0: Ball 2-0: Foul Ball, location: 2F 2-1: Fly out, F9 (Flyball, 89M, EV 81.9 MPH)
|
|
Batting: RHB Reymundo Estevez
|
0-0: Swinging Strike 0-1: Ball 1-1: Ball 2-1: Fly out, F8 (Flyball, 8RM, EV 89.4 MPH)
|
| Bottom of the 6th over - 0 runs, 0 hits, 0 errors, 0 left on base; Elmira 2 - Manchester 3 |
| TOP OF THE 7TH |
|
Elmira Pioneers batting - Pitching for Manchester Fisher Cats : RHP Mitch Cook
|
|
Batting: SHB Esteban Mendez
|
0-0: Called Strike 0-1: Ball 1-1: Ball 2-1: DOUBLE (Line Drive, 89D, EV 108.8 MPH)
|
|
Batting: LHB German Barranca
|
0-0: Ball 1-0: Foul Ball, location: 2F 1-1: Foul Ball, location: 2F 1-2: Ball 2-2: Foul Ball, location: 2F 2-2: Foul Ball, location: 2F 2-2: Ball 3-2: Base on Balls
|
|
Batting: RHB Curtis Cannedy
|
0-0: Ball 1-0: Ball 2-0: Bunt missed! 2-1: Bunt missed! 2-2: Grounds into double play, 5-4-3 (Groundball, 56, EV 94.4 MPH) Esteban Mendez to third
|
|
Batting: RHB Larry Owen
|
0-0: Called Strike 0-1: Called Strike 0-2: Foul Ball, location: 2F 0-2: Ball 1-2: Ball 2-2: Strikes out swinging
|
| Top of the 7th over - 0 runs, 1 hit, 0 errors, 1 left on base; Elmira 2 - Manchester 3 |
| BOTTOM OF THE 7TH |
|
Manchester Fisher Cats batting - Pitching for Elmira Pioneers : LHP Ricky Wright
|
|
Batting: RHB Kevin Darst
|
0-0: Ball 1-0: Ball 2-0: Ball 3-0: Base on Balls
|
|
Pitching: LHP Pat Perry
|
|
|
Batting: LHB Tim Derryberry
|
0-0: Sac Bunt to 3S - play at first, batter OUT! 3-1 Kevin Darst to second
|
|
Batting: SHB Stan Javier
|
0-0: Ball 1-0: Called Strike 1-1: Ball 2-1: Foul Ball, location: 2F 2-2: Ball 3-2: Foul Ball, location: 2F 3-2: Fly out, F3 (Popup, 3F, EV 79.4 MPH)
|
|
Batting: LHB Carlos Cabassa
|
0-0: Called Strike 0-1: Foul Ball, location: 2F 0-2: SINGLE (Groundball, 56D, EV 108.8 MPH) Kevin Darst to third Runner from 3rd tries for Home, throw by LF and OUT! 7-2
|
| Bottom of the 7th over - 0 runs, 1 hit, 0 errors, 1 left on base; Elmira 2 - Manchester 3 |
| TOP OF THE 8TH |
|
Elmira Pioneers batting - Pitching for Manchester Fisher Cats : RHP Mitch Cook
|
|
Pitching: RHP Stephen Marsden
|
|
|
Now at 2B: Danny Hernandez
|
|
|
Now in LF: Mike Ciampa
|
|
|
Now in CF: Paul Croft
|
|
|
Batting: RHB Ken Dowell
|
0-0: Called Strike 0-1: Ball 1-1: Ball 2-1: Ball 3-1: Called Strike 3-2: Fly out, F8 (Flyball, 8RD, EV 104.4 MPH)
|
|
Batting: RHB Ron Stinnett
|
0-0: Called Strike 0-1: SINGLE (Groundball, 5S, EV 70.0 MPH) (infield hit)
|
|
Batting: RHB Richard Givens
|
0-0: Foul Ball, location: 2F 0-1: Foul Ball, location: 2F 0-2: Ball 1-2: Ball 2-2: Single, Error in OF, E8, batter to second base (Line Drive, 78S, EV 108.8 MPH) Ron Stinnett to third
|
|
Batting: LHB Juan Flores
|
0-0: Foul Ball, location: 2F 0-1: Foul Ball, location: 2F 0-2: Strikes out swinging
|
|
Batting: RHB Edwin Rodriguez
|
0-0: Called Strike 0-1: Swinging Strike 0-2: Fly out, F8 (Line Drive, 8LM, EV 96.3 MPH)
|
| Top of the 8th over - 0 runs, 2 hits, 1 error, 2 left on base; Elmira 2 - Manchester 3 |
| BOTTOM OF THE 8TH |
|
Manchester Fisher Cats batting - Pitching for Elmira Pioneers : LHP Pat Perry
|
|
Batting: LHB Mel Hall
|
0-0: Foul Ball, location: 2F 0-1: Ball 1-1: Swinging Strike 1-2: Ball 2-2: Ground out 6-3 (Groundball, 4MD, EV 100.0 MPH)
|
|
Batting: LHB Herbert Orensky
|
0-0: Ground out 4-3 (Groundball, 4, EV 103.8 MPH)
|
|
Batting: RHB Tony Stevens
|
0-0: Ball 1-0: Ball 2-0: Called Strike 2-1: Foul Ball, location: 2F 2-2: Strikes out looking
|
| Bottom of the 8th over - 0 runs, 0 hits, 0 errors, 0 left on base; Elmira 2 - Manchester 3 |
| TOP OF THE 9TH |
|
Elmira Pioneers batting - Pitching for Manchester Fisher Cats : RHP Stephen Marsden
|
|
Pitching: RHP Chris Davis
|
|
|
Now at C: Buddy Pryor
|
|
|
Now at 1B: Joe Citari
|
|
|
Batting: SHB Esteban Mendez
|
0-0: Fly out, F3 (Flyball, 3D, EV 89.4 MPH)
|
|
Batting: LHB German Barranca
|
0-0: Ground out 4-3 (Groundball, 4, EV 96.3 MPH)
|
|
Pinch Hitting: LHB Neil Fiala
|
0-0: Foul Ball, location: 2F 0-1: Ball 1-1: Ball 2-1: Called Strike 2-2: Strikes out looking
|
| Top of the 9th over - 0 runs, 0 hits, 0 errors, 0 left on base; Elmira 2 - Manchester 3 |
|